[Event "ARM-ch Club 2018"]
[Site "Yerevan"]
[Date "2018.06.10"]
[Round "3"]
[White "Petrosian, Davit G"]
[Black "Danielyan, Vahe"]
[Result "1-0"]
[ECO "B05"]
[WhiteElo "2400"]
[BlackElo "2387"]
[Annotator "ChessBase"]
[PlyCount "105"]
[EventDate "2018.??.??"]
[EventCountry "ARM"]
[SourceTitle "playchess.com"]
[Source "ChessBase"]
[SourceQuality "1"]
[TimeControl "5400+30"]

1. e4 Nf6 2. e5 Nd5 3. d4 d6 4. Nf3 Bg4 5. Be2 Nc6 6. c4 Nb6 7. e6 fxe6 8. Nc3 Bxf3 9. Bxf3 g6 10. Bg4 Bg7 11. d5 Nd4 12. Ne2 Nxe2 13. Qxe2 e5 14. h4 Bf6 15. h5 g5 16. Be6 h6 17. Qe4 Kf8 18. Be3 Qe8 19. O-O-O Kg7 20. g3 Nd7 21. Bxd7 Qxd7 22. f4 Rag8 23. fxg5 hxg5 24. g4 Kh6 25. Rdf1 Rh7 26. Rf5 Rhg7 27. Rhf1 Qd8 28. Kb1 a6 29. R1f2 c6 30. dxc6 bxc6 31. Qxc6 Qa8 32. Rxf6+ exf6 33. Rxf6+ Kh7 34. Qxa8 Rxa8 35. Rxd6 Rf7 36. Bxg5 e4 37. Bf6 Kh6 38. Re6 e3 39. g5+ Kxh5 40. Rxe3 a5 41. Kc2 a4 42. b4 Kg6 43. b5 Rh7 44. Kc3 Rc8 45. Kb4 Rh4 46. Rc3 Rh2 47. a3 Rb2+ 48. Ka5 Ra8+ 49. Kb6 Rf8 50. Kc7 Rf7+ 51. Kc6 Rb3 52. Rxb3 axb3 53. Bb2 1-0

[Event "ARM-ch Club 2018"]
[Site "Yerevan"]
[Date "2018.06.10"]
[Round "3"]
[White "Bakunts, Rafael"]
[Black "Baghdasaryan, Vahe"]
[Result "1-0"]
[ECO "B40"]
[WhiteElo "2395"]
[BlackElo "2406"]
[Annotator "ChessBase"]
[PlyCount "69"]
[EventDate "2018.??.??"]
[EventCountry "ARM"]
[SourceTitle "playchess.com"]
[Source "ChessBase"]
[SourceQuality "1"]
[TimeControl "5400+30"]

1. e4 c5 2. Nf3 e6 3. g3 Nc6 4. Bg2 Nf6 5. Qe2 e5 6. d3 Be7 7. c3 O-O 8. O-O d6 9. a3 a5 10. a4 h6 11. Na3 Bg4 12. Nc4 Nh7 13. h3 Be6 14. Nh2 f5 15. exf5 Bxf5 16. f4 exf4 17. Bxf4 Kh8 18. Rae1 d5 19. Ne5 Bd6 20. Nhf3 Nxe5 21. Nxe5 Bxe5 22. Bxe5 Ng5 23. g4 Bg6 24. Rxf8+ Qxf8 25. h4 Nf7 26. Bg3 c4 27. dxc4 Qc5+ 28. Bf2 Qxc4 29. Qxc4 dxc4 30. Re7 h5 31. Bd5 Kg8 32. gxh5 Bxh5 33. Re5 Bg4 34. Rg5 Be2 35. Rf5 1-0

[Event "ARM-ch Club 2018"]
[Site "Yerevan"]
[Date "2018.06.10"]
[Round "3"]
[White "Kalantaryan, Norayr"]
[Black "Davtyan, Artur"]
[Result "1/2-1/2"]
[ECO "D31"]
[WhiteElo "2381"]
[BlackElo "2349"]
[Annotator "NA"]
[PlyCount "103"]
[EventDate "2018.??.??"]
[EventCountry "ARM"]
[SourceTitle "playchess.com"]
[Source "ChessBase"]
[SourceQuality "1"]
[TimeControl "5400+30"]

1. d4 d5 2. c4 e6 3. Nc3 Be7 4. cxd5 exd5 5. Bf4 c6 6. e3 Bf5 7. Bd3 Bxd3 8. Qxd3 Nf6 9. Nf3 Nbd7 10. O-O O-O 11. h3 Re8 12. Ne5 Bf8 13. Rad1 Re6 14. Bh2 Bd6 15. f4 Re8 16. g4 Qe7 17. g5 Ne4 18. Nxe4 dxe4 19. Qxe4 f6 20. gxf6 gxf6 21. Nxd7 Qxd7 22. Qf3 Qf5 23. Rfe1 Re4 24. Qg4+ Qg6 25. Bg3 Kf7 26. Kg2 f5 27. Qxg6+ hxg6 28. Kf3 Rh8 29. h4 Be7 30. Rh1 Ke6 31. Bf2 Kd5 32. Rdg1 Re6 33. Rc1 Rh7 34. Bg3 Rh8 35. Rh2 Rh5 36. Rc3 Rh7 37. Rb3 b6 38. Rc3 Bb4 39. Rc1 Be7 40. a3 Rh8 41. b4 Rh7 42. Rb1 a6 43. Rbb2 Rh8 44. Be1 Bd8 45. a4 b5 46. axb5 axb5 47. Ra2 Rhe8 48. Rhe2 Bb6 49. Bf2 Bc7 50. Ra3 Bd6 51. Be1 Re4 52. Raa2 1/2-1/2